 Dungeon Crawl Stone Soup version 0.30-a0-913-g9934a0c (webtiles) character file.

Game seed: 18246509080606971990

3 Illumine the Trooper (level 1, -3/11 HPs)
             Began as a Vine Stalker Fighter on Mar 19, 2023.
             Slain by a quokka (4 damage)
             ... on level 1 of the Dungeon.
             The game lasted 00:00:13 (64 turns).

Illumine the Trooper (Vine Stalker Fighter)           Turns: 64, Time: 00:00:14

Health: -3/11      AC:  6    Str: 18    XL:     1   Next: 50%
Magic:  0/2        EV:  9    Int:  8    God:
Gold:   19         SH:  4    Dex: 13    Spells: 0/0 levels left

rFire   . . .      SeeInvis .    a - +0 long sword
rCold   . . .      Faith    .    c - +0 buckler
rNeg    . . .      Spirit   +    b - +0 scale mail
rPois   .          Reflect  .    (no helmet)
rElec   .          Rampage  .    (no cloak)
rCorr   .                        (no gloves)
Will    .....                    (no boots) Stlth
                                 (no amulet)
HPRegen 0.21/turn                (no ring)
MPRegen 0.08/turn                (no ring)

@: mighty
A: fangs 2, magic shield, antimagic bite, no potion heal 2
a: no special abilities


You were on level 1 of the Dungeon.
You visited 1 branch of the dungeon, and saw 1 of its levels.

You collected 19 gold pieces.

Inventory:

Hand Weapons
 a - a +0 long sword (weapon)
Armour
 b - a +0 scale mail (worn)
 c - a +0 buckler (worn)
Scrolls
 e - a scroll of teleportation {unknown}


   Skills:
 + Level 2.7 Fighting
 * Level 1.8 Long Blades
 + Level 2.4 Armour
 + Level 2.7 Shields
 + Level 0.0 Spellcasting


You couldn't memorise any spells.
You didn't know any spells.
Your spell library was empty.

Dungeon Overview and Level Annotations

Branches:
Dungeon (1/15)

Altars:


Innate Abilities, Weirdness & Mutations

You have extremely sharp teeth.
When hurt, damage is shared between your health and your magic reserves.
Your bite disrupts and absorbs the magic of your enemies.
Potions cannot restore your health.


Message History

The jackal bites you but does no damage.
You block the jackal's attack. You block the quokka's attack.
The jackal bites you but does no damage. x2
The jackal bites you.
Unknown command.
You barely miss the jackal. Your bite misses the jackal.
The quokka twitches its whiskers.
You block the quokka's attack. The jackal barely misses you.
The jackal closely misses you. The jackal bites you.
The quokka closely misses you.
The jackal bites you but does no damage. x2
The jackal closely misses you.
You barely miss the jackal.
The jackal bites you but does no damage.
The jackal bites you. The quokka bites you.
* * * LOW HITPOINT WARNING * * *
You block the jackal's attack. x2; The quokka barely misses you.
The jackal closely misses you. x2
Unknown command.
You closely miss the quokka. The jackal closely misses you.
The jackal bites you.
* * * LOW HITPOINT WARNING * * *
The jackal closely misses you.
The quokka bites you but does no damage.
The jackal bites you.
* * * LOW HITPOINT WARNING * * *
The jackal barely misses you.
The jackal bites you but does no damage.
Okay, then.
You feel very mighty all of a sudden. You block the quokka's attack.
The jackal bites you but does no damage.
You block the jackal's attack.
The jackal bites you but does no damage.
The quokka bites you but does no damage.
Unknown command.
You slash the jackal!
You kill the jackal!
The jackal barely misses you. The quokka bites you.
You die...

###### ......
####.#.... #!.......l
#......... #######
#hh.......
###.._..####@h.?.....
##.........###r...###
......................
......................
........###.........##
######...####.....###
#...# ####### #...#
#...#


You could see a quokka and 3 jackals.

Vanquished Creatures
  An endoplasm (D:1)
  A hobgoblin (D:1)
  A jackal (D:1)
  A bat (D:1)
4 creatures vanquished.

Notes
Turn   | Place    | Note
-------+----------+-------------------------------------------
     0 | D:1      | Illumine the Vine Stalker Fighter began the quest for the
                  | Orb.
     0 | D:1      | Reached XP level 1. HP: 11/11 MP: 2/2
    28 | D:1      | Found a faded altar of an unknown god.
    64 | D:1      | Slain by a quokka

Illustrated notes

Levels and vault maps discovered:
D:1:      scummos_arrival_star, layout_basic, hellmonk_ecumenical_altar_zigzags

Action                     || total
---------------------------++-------
  Melee: Long sword        ||    12
         Bite              ||     1
    Use: Potion            ||     1
 Armour: Scale mail        ||    24
  Dodge: Dodged            ||    15
  Block: Buckler           ||    11

Table legend: (Time is in decaauts)
 A = Elapsed time spent in this place.
 B = Non-inter-level travel time spent in this place.
 C = Inter-level travel time spent in this place.
 D = Time resting spent in this place.
 E = Time spent auto-exploring this place.
 F = Levels seen in this place.
 G = Mean time per level.
                   A        B        C        D        E       F      G
               +--------+--------+--------+--------+--------+-----+--------+
         Total |     67 |     67 |      0 |      0 |     40 |   1 |   67.0 |
       Dungeon |     67 |     67 |      0 |      0 |     40 |   1 |   67.0 |
               +--------+--------+--------+--------+--------+-----+--------+

Top non-repeatable levels by time:
     D:1: 67 daAuts
